BSA
VISTA PANTHERS @ ST CHARLES SHEENS
05/20/2026
 
TOP OF THE 1ST
Vista Panthers batting - Pitching for St Charles Sheens : LHP Ben Moody
Pitching: LHP Ben Moody
Batting: RHB Eugenio Lucero 0-0: Ball
1-0: Foul Ball, location: 2F
1-1: Foul Ball, location: 2F
1-2: DOUBLE (Line Drive, 7LM)
Batting: RHB Roberto Cruz 0-0: Ball
1-0: Ball
2-0: Called Strike
2-1: SINGLE (Groundball, 6M)
Eugenio Lucero to third
Runner from 3rd tries for Home, SAFE, no throw or cutoff
Batting: RHB Salvador Salas 0-0: Ball
1-0: Ball
Wild Pitch!
Roberto Cruz to second
2-0: SINGLE (Groundball, 6MD)
Roberto Cruz to third
Batting: RHB John Mendelson 0-0: Ball
1-0: Ball
2-0: Fielders Choice at 2nd, 6-4 (Groundball, 6M)
Roberto Cruz scores
Batting: RHB Iván De Jesús 0-0: Ball
1-0: Called Strike
1-1: Ground out 5-3 (Groundball, 5S)
John Mendelson to second
Batting: LHB Harry Pitts 0-0: Ball
1-0: Ball
2-0: 2-RUN HOME RUN (Flyball, 9D), Distance : 400 ft
Batting: RHB Phil Matthews 0-0: Called Strike
0-1: Ground out 4-3 (Groundball, 4)
Top of the 1st over - 4 run(s), 4 hit(s), 0 error(s), 0 left on base; Vista 4 - St Charles 0
BOTTOM OF THE 1ST
St Charles Sheens batting - Pitching for Vista Panthers : RHP Enrique Aguilera
Pitching: RHP Enrique Aguilera
Batting: RHB Dan Tyler 0-0: DOUBLE (Line Drive, 7LD)
Batting: LHB Gene Cooper 0-0: Called Strike
0-1: Ball
1-1: Foul Ball, location: 2F
1-2: Ball
2-2: Ground out 4-3 (Groundball, 4)
Dan Tyler to third
Batting: LHB Jeff Carter 0-0: Foul Ball, location: 2F
0-1: Ball
1-1: SINGLE (Line Drive, 89M)
Dan Tyler scores
Batting: LHB Juan Jose Rojas 0-0: Ball
1-0: Ball
2-0: Ball
3-0: Called Strike
3-1: SINGLE (Line Drive, 8LS)
Jeff Carter to second
Batting: LHB Jason Lambert 0-0: Fly out, F7 (Line Drive, 7D)
Runner from 2nd tags up, SAFE at 3rd, no throw
Batting: SHB Theron Harper 0-0: Swinging Strike
0-1: Swinging Strike
0-2: Ball
1-2: Ball
2-2: Foul Ball, location: 2F
2-2: Foul Ball, location: 2F
2-2: Foul Ball, location: 2F
2-2: Fly out, F8 (Flyball, 89M)
Bottom of the 1st over - 1 run(s), 3 hit(s), 0 error(s), 2 left on base; Vista 4 - St Charles 1
TOP OF THE 2ND
Vista Panthers batting - Pitching for St Charles Sheens : LHP Ben Moody
Batting: RHB Wilson López 0-0: Ball
1-0: Called Strike
1-1: SINGLE (Groundball, 34)
Batting: RHB Teddy Bates 0-0: Foul Ball, location: 2F
0-1: Foul Ball, location: 2F
0-2: Ball
1-2: Ball
2-2: Strikes out swinging
Batting: RHB Eugenio Lucero 0-0: Ball
1-0: Called Strike
1-1: Foul Ball, location: 2F
1-2: Foul Ball, location: 2F
1-2: Foul Ball, location: 2F
1-2: Grounds into double play, 6-4-3 (Groundball, 6)
Top of the 2nd over - 0 run(s), 1 hit(s), 0 error(s), 0 left on base; Vista 4 - St Charles 1
BOTTOM OF THE 2ND
St Charles Sheens batting - Pitching for Vista Panthers : RHP Enrique Aguilera
Batting: LHB Stan Bates 0-0: Foul Ball, location: 2F
0-1: Called Strike
0-2: Strikes out looking
Batting: RHB Kel Pierce 0-0: Ball
1-0: Swinging Strike
1-1: Foul Ball, location: 2F
1-2: Fly out, F4 (Popup, 4M)
Batting: LHB Bob Ware 0-0: Ball
1-0: Ball
2-0: Called Strike
2-1: DOUBLE (Flyball, 89D)
Batting: RHB Dan Tyler 0-0: Fly out, F8 (Flyball, 8RD)
Bottom of the 2nd over - 0 run(s), 1 hit(s), 0 error(s), 1 left on base; Vista 4 - St Charles 1
TOP OF THE 3RD
Vista Panthers batting - Pitching for St Charles Sheens : LHP Ben Moody
Batting: RHB Roberto Cruz 0-0: Ball
1-0: Ball
2-0: Called Strike
2-1: DOUBLE (Line Drive, 5D)
Batting: RHB Salvador Salas 0-0: Ball
1-0: Foul Ball, location: 2F
1-1: Ball
2-1: Foul Ball, location: 2F
2-2: DOUBLE (Flyball, 78XD)
Roberto Cruz scores
Batting: RHB John Mendelson 0-0: Foul Ball, location: 2F
0-1: Swinging Strike
0-2: Ball
Error on foul ball, E7
1-2: SINGLE (Line Drive, 8RS)
Salvador Salas to third
Batting: RHB Iván De Jesús 0-0: Called Strike
0-1: Ball
1-1: Called Strike
1-2: Ball
2-2: Ball
3-2: Fly out, F7 (Flyball, 7S)
Batting: LHB Harry Pitts 0-0: Ball
1-0: Called Strike
1-1: Ball
2-1: Called Strike
2-2: Ball
3-2: Fly out, F8 (Flyball, 89XD)
Runner from 3rd tags up, SCORES, no throw
Batting: RHB Phil Matthews Pickoff Throw to First - Error! E1
John Mendelson to second
0-0: DOUBLE (Flyball, 8LD)
John Mendelson scores
Batting: RHB Wilson López 0-0: Ball
1-0: Called Strike
1-1: DOUBLE (Line Drive, 8RXD)
Phil Matthews scores
Batting: RHB Teddy Bates 0-0: Called Strike
0-1: Ball
1-1: Foul Ball, location: 2F
1-2: Ball
2-2: Ground out 6-3 (Groundball, 6)
Top of the 3rd over - 4 run(s), 5 hit(s), 2 error(s), 1 left on base; Vista 8 - St Charles 1
BOTTOM OF THE 3RD
St Charles Sheens batting - Pitching for Vista Panthers : RHP Enrique Aguilera
Batting: LHB Gene Cooper 0-0: Ball
1-0: Swinging Strike
1-1: Ball
2-1: Ball
3-1: Called Strike
3-2: Foul Ball, location: 2F
3-2: Ground out 4-3 (Groundball, 4M)
Batting: LHB Jeff Carter 0-0: Called Strike
0-1: Ball
1-1: Fly out, F4 (Line Drive, 4)
Batting: LHB Juan Jose Rojas 0-0: Foul Ball, location: 2F
0-1: Swinging Strike
0-2: Ball
1-2: Foul Ball, location: 2F
1-2: Strikes out swinging
Bottom of the 3rd over - 0 run(s), 0 hit(s), 0 error(s), 0 left on base; Vista 8 - St Charles 1
TOP OF THE 4TH
Vista Panthers batting - Pitching for St Charles Sheens : LHP Ben Moody
Batting: RHB Eugenio Lucero 0-0: Ball
1-0: Ball
2-0: DOUBLE (Line Drive, 7LM)
Batting: RHB Roberto Cruz 0-0: Ball
1-0: Ball
2-0: Called Strike
2-1: Called Strike
2-2: Ball
3-2: Foul Ball, location: 2F
3-2: Foul Ball, location: 2F
3-2: Foul Ball, location: 2F
3-2: DOUBLE (Groundball, 5L)
Eugenio Lucero scores
Pitching: LHP Rubén Martínez
Batting: RHB Salvador Salas 0-0: Ball
1-0: Ball
2-0: Called Strike
2-1: Foul Ball, location: 2F
2-2: Strikes out swinging
Batting: RHB John Mendelson 0-0: Ball
1-0: DOUBLE (Groundball, 5D)
Roberto Cruz scores
Batting: RHB Iván De Jesús 0-0: Called Strike
0-1: Foul Ball, location: 2F
0-2: SINGLE (Line Drive, 34D)
John Mendelson to third
Runner from 3rd tries for Home, SAFE, no throw or cutoff
Batting: LHB Harry Pitts 0-0: Ball
1-0: Ball
2-0: Called Strike
2-1: Foul Ball, location: 2F
2-2: Fly out, F8 (Flyball, 8RD)
Runner from 1st tags up, SAFE at 2nd
Batting: RHB Phil Matthews 0-0: Ball
1-0: Ball
2-0: Ball
3-0: Base on Balls
Batting: RHB Wilson López 0-0: Foul Ball, location: 2F
0-1: Ground out 6-3 (Groundball, 6)
Top of the 4th over - 3 run(s), 4 hit(s), 0 error(s), 2 left on base; Vista 11 - St Charles 1
BOTTOM OF THE 4TH
St Charles Sheens batting - Pitching for Vista Panthers : RHP Enrique Aguilera
Batting: LHB Jason Lambert 0-0: Fly out, F7 (Flyball, 7LM)
Batting: SHB Theron Harper 0-0: Ground out 4-3 (Groundball, 4)
Batting: LHB Stan Bates 0-0: Ball
1-0: Ball
2-0: Ball
3-0: SINGLE (Groundball, 6MD)
Batting: RHB Kel Pierce 0-0: Swinging Strike
0-1: Swinging Strike
0-2: Ball
1-2: Foul Ball, location: 2F
1-2: Ball
2-2: Strikes out swinging
Bottom of the 4th over - 0 run(s), 1 hit(s), 0 error(s), 1 left on base; Vista 11 - St Charles 1
TOP OF THE 5TH
Vista Panthers batting - Pitching for St Charles Sheens : LHP Rubén Martínez
Pitching: RHP Álex Villegas
Batting: RHB Teddy Bates 0-0: Swinging Strike
0-1: Swinging Strike
0-2: Ball
1-2: Ball
2-2: Ground out 5-3 (Groundball, 5)
Batting: RHB Eugenio Lucero 0-0: Called Strike
0-1: Called Strike
0-2: Ball
1-2: Ball
2-2: Ground out 5-3 (Groundball, 56S)
Batting: RHB Roberto Cruz 0-0: Foul Ball, location: 2F
0-1: Ball
1-1: Ball
2-1: Ball
3-1: Foul Ball, location: 2F
3-2: Base on Balls
Pitching: RHP Toshikasu Kiyomizu
Batting: RHB Salvador Salas 0-0: Called Strike
Roberto Cruz steals 2nd base
0-1: Ball
1-1: Ground out 5-3 (Groundball, 5S)
Top of the 5th over - 0 run(s), 0 hit(s), 0 error(s), 1 left on base; Vista 11 - St Charles 1
BOTTOM OF THE 5TH
St Charles Sheens batting - Pitching for Vista Panthers : RHP Enrique Aguilera
Batting: LHB Bob Ware 0-0: Ball
1-0: Called Strike
1-1: Called Strike
1-2: SINGLE (Groundball, 6M)
Batting: RHB Dan Tyler 0-0: Ball
1-0: Grounds into double play, 5-4-3 (Groundball, 5L)
Batting: LHB Gene Cooper 0-0: Called Strike
0-1: Fly out, F8 (Flyball, 8RM)
Bottom of the 5th over - 0 run(s), 1 hit(s), 0 error(s), 0 left on base; Vista 11 - St Charles 1
TOP OF THE 6TH
Vista Panthers batting - Pitching for St Charles Sheens : RHP Toshikasu Kiyomizu
Batting: RHB John Mendelson 0-0: Swinging Strike
0-1: Ball
1-1: Foul Ball, location: 2F
1-2: Strikes out looking
Batting: RHB Iván De Jesús 0-0: Called Strike
0-1: Ball
1-1: Foul Ball, location: 2F
1-2: SINGLE (Line Drive, 6M)
Pinch Hitting: LHB Jesús González 0-0: Called Strike
0-1: Foul Ball, location: 2F
0-2: Strikes out swinging
Batting: RHB Phil Matthews 0-0: Ball
1-0: Ball
2-0: Foul Ball, location: 2F
2-1: Swinging Strike
2-2: Strikes out swinging
Top of the 6th over - 0 run(s), 1 hit(s), 0 error(s), 1 left on base; Vista 11 - St Charles 1
BOTTOM OF THE 6TH
St Charles Sheens batting - Pitching for Vista Panthers : RHP Enrique Aguilera
Now in LF: Jesús González
Batting: LHB Jeff Carter 0-0: Foul Ball, location: 2F
0-1: Ball
1-1: Ball
2-1: Foul Ball, location: 2F
2-2: Foul Ball, location: 2F
2-2: SOLO HOME RUN (Flyball, 9D), Distance : 398 ft
Batting: LHB Juan Jose Rojas 0-0: Ball
1-0: Called Strike
1-1: Called Strike
1-2: Ball
2-2: DOUBLE (Flyball, 89D) - OUT at third base trying to stretch hit.
Batting: LHB Jason Lambert 0-0: SINGLE (Line Drive, 6M)
Batting: SHB Theron Harper 0-0: Fielders Choice at 2nd, 1-4 (Groundball, 15)
Batting: LHB Stan Bates 0-0: Ball
1-0: Called Strike
1-1: Fly out, F5 (Popup, 56)
Bottom of the 6th over - 1 run(s), 3 hit(s), 0 error(s), 1 left on base; Vista 11 - St Charles 2
TOP OF THE 7TH
Vista Panthers batting - Pitching for St Charles Sheens : RHP Toshikasu Kiyomizu
Batting: RHB Wilson López 0-0: Fly out, F6 (Popup, 6MD)
Batting: RHB Teddy Bates 0-0: Called Strike
0-1: Ball
1-1: Foul Ball, location: 2F
1-2: Foul Ball, location: 2F
1-2: Ball
2-2: Fly out, F4 (Popup, 3DF)
Batting: RHB Eugenio Lucero 0-0: Foul Ball, location: 2F
0-1: Swinging Strike
0-2: Strikes out swinging
Top of the 7th over - 0 run(s), 0 hit(s), 0 error(s), 0 left on base; Vista 11 - St Charles 2
BOTTOM OF THE 7TH
St Charles Sheens batting - Pitching for Vista Panthers : RHP Enrique Aguilera
Batting: RHB Kel Pierce 0-0: Ball
1-0: Fly out, F8 (Line Drive, 8LD)
Batting: LHB Bob Ware 0-0: Ball
1-0: Foul Ball, location: 2F
1-1: Foul Ball, location: 2F
1-2: Foul Ball, location: 2F
1-2: SOLO HOME RUN (Flyball, 9LD), Distance : 368 ft
Batting: RHB Dan Tyler 0-0: Ball
1-0: Foul Ball, location: 2F
1-1: SINGLE (Line Drive, 4M)
Batting: LHB Gene Cooper 0-0: Called Strike
0-1: Ball
1-1: DOUBLE (Flyball, 89XD)
Dan Tyler to third
Runner from 3rd tries for Home, throw and OUT!
Batting: LHB Jeff Carter 0-0: Called Strike
0-1: Ball
1-1: Ground out 3-1 (Groundball, 34S)
Bottom of the 7th over - 1 run(s), 3 hit(s), 0 error(s), 1 left on base; Vista 11 - St Charles 3
TOP OF THE 8TH
Vista Panthers batting - Pitching for St Charles Sheens : RHP Toshikasu Kiyomizu
Pitching: LHP Shan Liu
Batting: RHB Roberto Cruz 0-0: Ball
1-0: Ground out 5-3 (Groundball, 56)
Batting: RHB Salvador Salas 0-0: Ball
1-0: Ball
2-0: Ground out 6-3 (Groundball, 6M)
Batting: RHB John Mendelson 0-0: Ground out 6-3 (Groundball, 6)
Top of the 8th over - 0 run(s), 0 hit(s), 0 error(s), 0 left on base; Vista 11 - St Charles 3
BOTTOM OF THE 8TH
St Charles Sheens batting - Pitching for Vista Panthers : RHP Enrique Aguilera
Pitching: RHP Mitsunari Taguchi
Batting: LHB Juan Jose Rojas 0-0: Called Strike
0-1: Ball
1-1: Ball
2-1: Ground out 6-3 (Groundball, 6M)
Batting: LHB Jason Lambert 0-0: Ground out 6-3 (Groundball, 6)
Batting: SHB Theron Harper 0-0: Called Strike
0-1: Ball
1-1: Ball
2-1: Fly out, F8 (Flyball, 8RM)
Bottom of the 8th over - 0 run(s), 0 hit(s), 0 error(s), 0 left on base; Vista 11 - St Charles 3
TOP OF THE 9TH
Vista Panthers batting - Pitching for St Charles Sheens : LHP Shan Liu
Batting: RHB Iván De Jesús 0-0: SINGLE (Line Drive, 56)
Batting: LHB Jesús González 0-0: Bunted foul
0-1: Sac Bunt - play at first, batter OUT! 2-4
Iván De Jesús to second
Batting: RHB Phil Matthews 0-0: Swinging Strike
0-1: Called Strike
0-2: Ball
1-2: Strikes out swinging
Batting: RHB Wilson López 0-0: Called Strike
0-1: Ball
1-1: Ball
2-1: Called Strike
2-2: Foul Ball, location: 2F
2-2: Fly out, F6 (Line Drive, 6)
Top of the 9th over - 0 run(s), 1 hit(s), 0 error(s), 1 left on base; Vista 11 - St Charles 3
BOTTOM OF THE 9TH
St Charles Sheens batting - Pitching for Vista Panthers : RHP Mitsunari Taguchi
Batting: LHB Stan Bates 0-0: Ball
1-0: Called Strike
1-1: Foul Ball, location: 2F
1-2: Ball
2-2: Foul Ball, location: 2F
2-2: Ball
3-2: Base on Balls
Batting: RHB Kel Pierce 0-0: Ball
1-0: Swinging Strike
1-1: Foul Ball, location: 2F
1-2: Strikes out swinging
Batting: LHB Bob Ware 0-0: Called Strike
0-1: Ball
1-1: Fly out, F7 (Flyball, 78S)
Batting: RHB Dan Tyler 0-0: Ball
1-0: Foul Ball, location: 2F
1-1: Foul Ball, location: 2F
1-2: Ball
2-2: Ball
3-2: Strikes out looking
Bottom of the 9th over - 0 run(s), 0 hit(s), 0 error(s), 1 left on base; Vista 11 - St Charles 3
Monday, December 5th, 2016 - OOTP Baseball 17.12 Build 75